[Event "Titled Tuesday Blitz January 17 Late 2023"]
[White "Vifleemskaia, Svetlana"]
[Black "Richter, Paul"]
[WhiteFideId "4129490"]
[BlackFideId "2046350"]
[WhiteElo "1971"]
[BlackElo "2171"]
[Result "0-1"]
[Round "04"]
[TimeControl "180+2"]
[Date "2023.01.17"]
[WhiteClock "0:00:01"]
[BlackClock "0:00:10"]

1. d4 Nf6 2. c4 g6 3. Nc3 Bg7 4. e4 d6 5. Nge2 c5 6. d5 e6 7. Ng3 exd5 8. cxd5 O-O 9. Be2 h5 10. Bg5 Nbd7 11. O-O Re8 12. Qc2 a6 13. a4 Qc7 14. f4 Nh7 15. Bh4 Rb8 16. Rae1 Ndf8 17. Qd2 b5 18. axb5 axb5 19. Nxb5 Qb6 20. Kh1 Bd7 21. Na3 Bd4 22. Nc4 Qc7 23. e5 dxe5 24. f5 Bb5 25. fxg6 fxg6 26. Qh6 Qg7 27. Qd2 Bxc4 28. Bxc4 Rxb2 29. d6+ Kh8 30. Qc1 Qb7 31. Ne4 Rb6 32. Re2 Rb4 33. Rfe1 Ra8 34. h3 Ra1 35. Qc2 Rxe1+ 36. Rxe1 Rb2 37. Qd3 Rb4 38. Qc2 Rb2 39. Qd3 g5 40. Bg3 Qc6 0-1


[Site "https://www.chess.com"]

[Event "Titled Tuesday Blitz January 17 Late 2023"]
[White "Ibadov, Dashgyn"]
[Black "Shubin, Daniel"]
[WhiteFideId "24107514"]
[BlackFideId "30936470"]
[WhiteElo "2391"]
[BlackElo "2231"]
[Result "1-0"]
[Round "04"]
[TimeControl "180+2"]
[Date "2023.01.17"]
[WhiteClock "0:01:34"]
[BlackClock "0:00:51"]

1. e4 e6 2. d4 d5 3. Nd2 Be7 4. Ngf3 Nf6 5. Bd3 c5 6. c3 O-O 7. e5 Nfd7 8. h4 Nc6 9. Bxh7+ Kxh7 10. Ng5+ Kg6 11. h5+ Kh6 12. Ndf3 Qe8 13. Qc2 f5 14. exf6 Bxf6 15. Qh7# 1-0


[Site "https://www.chess.com"]

[Event "Titled Tuesday Blitz January 17 Late 2023"]
[White "Santos Flores, Alberto"]
[Black "Jorajuria Mendoza, Algol"]
[WhiteFideId "3601234"]
[BlackFideId "5128897"]
[WhiteElo "2164"]
[BlackElo "2069"]
[Result "0-1"]
[Round "04"]
[TimeControl "180+2"]
[Date "2023.01.17"]
[WhiteClock "0:01:13"]
[BlackClock "0:00:13"]

1. e4 c5 2. Nf3 b6 3. d4 cxd4 4. Nxd4 Bb7 5. Nc3 Nc6 6. Be3 Nf6 7. f3 g6 8. Bc4 Bg7 9. Qd2 h6 10. O-O-O Na5 11. Bb3 Nxb3+ 12. axb3 Rc8 13. g4 d6 14. Kb1 h5 15. g5 Nd7 16. f4 Nc5 17. Nd5 e6 18. Nc3 Nxe4 19. Nxe4 Bxe4 20. Rhe1 Bxd4 21. Qxd4 Bxc2+ 22. Ka2 O-O 23. Rd2 Qd7 24. Qxd6 Qxd6 25. Rxd6 Rfd8 26. Rxd8+ Rxd8 27. Rc1 Rc8 28. b4 Kf8 29. b3 Rc3 30. Bd2 Bxb3+ 31. Kb2 Rxc1 32. Bxc1 Bd5 33. Kc3 Ke7 34. Kd4 Kd6 35. Ba3 Kc6 36. Bc1 Kb5 37. Bd2 a5 38. bxa5 bxa5 39. Kc3 a4 40. Kb2 Kc4 41. Ka3 Bc6 42. Bb4 Kd3 43. Be1 Ke3 44. Bg3 Kf3 45. Kb4 Kg4 46. Ka3 h4 47. Bf2 Kh3 48. Bg1 Kg2 49. Bd4 Kxh2 0-1


[Site "https://www.chess.com"]

[Event "Titled Tuesday Blitz January 17 Late 2023"]
[White "Graif, William"]
[Black "Dylag, Emilia"]
[WhiteFideId "2609835"]
[BlackFideId "21805172"]
[WhiteElo "2304"]
[BlackElo "2095"]
[Result "1-0"]
[Round "04"]
[TimeControl "180+2"]
[Date "2023.01.17"]
[WhiteClock "0:00:17"]
[BlackClock "0:00:28"]

1. e4 e5 2. Nf3 Nc6 3. Nc3 Nf6 4. d4 exd4 5. Nxd4 Bb4 6. Nxc6 bxc6 7. Bd3 d5 8. exd5 O-O 9. O-O cxd5 10. Bg5 Rb8 11. Nxd5 Qxd5 12. Bxf6 Qc6 13. Qh5 g6 14. Qh4 Bc5 15. Bc3 Bb7 16. Qh3 Rbe8 17. Rae1 Rxe1 18. Rxe1 Re8 19. Rxe8+ Qxe8 20. Qh6 Bf8 21. Qf4 Qc6 22. Bf1 Bg7 23. Bxg7 Kxg7 24. Qd4+ Kg8 25. Qxa7 h5 26. c3 g5 27. Qe3 f6 28. b3 h4 29. h3 Kf7 30. Bc4+ Kf8 31. f3 Qd6 32. Qe6 Qxe6 33. Bxe6 Ke7 34. Bc4 Kd6 35. Kf2 Bc8 36. Ke3 Bf5 37. Kd4 c5+ 38. Ke3 Bb1 39. a3 Ba2 40. Kd3 Bb1+ 41. Ke3 Ba2 42. Bg8 Ke5 43. a4 Kd6 44. Bc4 Kc6 45. a5 Bb1 46. b4 cxb4 47. cxb4 Bf5 48. Kd4 Bc2 49. b5+ Kb7 50. Kc5 Bf5 51. Bd5+ Ka7 52. b6+ Kb8 53. a6 1-0


[Site "https://www.chess.com"]

[Event "Titled Tuesday Blitz January 17 Late 2023"]
[White "Sowa, Ryan"]
[Black "Vaglio Munoz, Jaime"]
[WhiteFideId "30901693"]
[BlackFideId "6500145"]
[WhiteElo "2073"]
[BlackElo "2174"]
[Result "1/2-1/2"]
[Round "04"]
[TimeControl "180+2"]
[Date "2023.01.17"]
[WhiteClock "0:00:09"]
[BlackClock "0:00:15"]

1. Nf3 c6 2. b3 d5 3. Bb2 Bf5 4. g3 Nd7 5. Bg2 Qc7 6. d4 h6 7. O-O Ngf6 8. c4 e6 9. Nc3 Be7 10. Rc1 O-O 11. Ne5 Qa5 12. a3 Rfc8 13. b4 Qd8 14. Nxd7 Qxd7 15. Qb3 b5 16. c5 a5 17. Ra1 Ra6 18. a4 axb4 19. Qxb4 bxa4 20. Nxa4 Qa7 21. Nb6 Rb8 22. Qd2 Ne4 23. Qe3 Bg5 24. f4 Bd8 25. Rxa6 Qxa6 26. Ra1 Qb5 27. Bc1 Bxb6 28. cxb6 Qxb6 29. h3 Bg6 30. g4 Qb3 31. Ra6 Qc2 32. Ra1 Rb1 33. Rxb1 Qxb1 34. Kh2 f5 35. Bf3 Qc2 36. Ba3 Qc3 37. Qxc3 Nxc3 38. Bd6 Be8 39. Kg3 Kf7 40. Be5 Bd7 41. Kf2 Bc8 42. Ke3 Ba6 43. Kd2 Ne4+ 44. Bxe4 dxe4 45. Ke3 Bc4 46. Kf2 Bd5 47. e3 g5 48. Kg3 Kg6 49. Bd6 Bc4 50. Be5 Bd5 1/2-1/2


[Site "https://www.chess.com"]

[Event "Titled Tuesday Blitz January 17 Late 2023"]
[White "Javakhadze, Zurab"]
[Black "Vega Gutierrez, Sabrina"]
[WhiteFideId "13603647"]
[BlackFideId "2219026"]
[WhiteElo "2459"]
[BlackElo "2377"]
[Result "0-1"]
[Round "04"]
[TimeControl "180+2"]
[Date "2023.01.17"]
[WhiteClock "0:00:07"]
[BlackClock "0:00:05"]

1. Nf3 d5 2. g3 Nf6 3. Bg2 e6 4. O-O Be7 5. c4 O-O 6. d3 b6 7. cxd5 exd5 8. Nc3 Bb7 9. Qc2 c5 10. e4 Nc6 11. Re1 Nb4 12. Qe2 dxe4 13. dxe4 Ba6 14. Qd1 Nd3 15. Re2 Nxc1 16. Rxc1 Qxd1+ 17. Rxd1 Bxe2 18. Nxe2 Rad8 19. Re1 Nxe4 20. Nf4 f5 21. Ne6 Bf6 22. b3 Kf7 23. Nxf8 Kxf8 24. Bf1 g5 25. h3 h5 26. g4 hxg4 27. hxg4 Bc3 28. Re2 fxg4 29. Nh2 g3 30. Rxe4 gxh2+ 31. Kxh2 Rd2 32. Re2 Rd1 33. Bh3 Bd4 34. Kg2 a5 35. Bg4 Ra1 36. Bd7 Kf7 37. Bb5 Kf6 38. Bc4 Kf5 39. Bd3+ Kf6 40. Bc4 Be5 41. Bg8 Rc1 42. Bc4 a4 43. Bd5 a3 44. Re4 Rc2 45. Ra4 Rxa2 46. Ra6 Rd2 47. Rxb6+ Kf5 48. Be6+ Kf4 49. Ra6 a2 50. Ra4+ Bd4 51. b4 a1=Q 52. Rxa1 Bxa1 53. b5 Bd4 54. b6 Rxf2+ 55. Kh3 Rb2 56. Bb3 Rxb3+ 0-1


[Site "https://www.chess.com"]

[Event "Titled Tuesday Blitz January 17 Late 2023"]
[White "Sreyas Payyappat"]
[Black "Grigorov, Grigor"]
[WhiteFideId "46674969"]
[BlackFideId "2907313"]
[WhiteElo "2076"]
[BlackElo "2510"]
[Result "0-1"]
[Round "04"]
[TimeControl "180+2"]
[Date "2023.01.17"]
[WhiteClock "0:02:05"]
[BlackClock "0:01:19"]

1. e4 c6 2. d4 d5 3. Nc3 dxe4 4. Nxe4 Nf6 5. Nxf6+ exf6 6. Bc4 Na6 7. Nf3 Nc7 8. O-O Be7 9. c3 O-O 10. Qc2 Bg4 11. Bd3 Bxf3 12. Bxh7+ Kh8 13. gxf3 g6 14. Bh6 Re8 15. Bxg6 fxg6 16. Kh1 Qd5 17. Rg1 Qxf3+ 18. Rg2 f5 19. Rg1 Bd6 20. Qb3 Re7 21. Qxb7 Rh7 0-1


[Site "https://www.chess.com"]

[Event "Titled Tuesday Blitz January 17 Late 2023"]
[White "Artemenko, Oleg"]
[Black "Chernomordik, Pavel"]
[WhiteFideId "14201798"]
[BlackFideId "2804530"]
[WhiteElo "2246"]
[BlackElo "2150"]
[Result "0-1"]
[Round "04"]
[TimeControl "180+2"]
[Date "2023.01.17"]
[WhiteClock "0:00:02"]
[BlackClock "0:01:45"]

1. e4 g6 2. Nf3 Bg7 3. d4 d6 4. Nc3 a6 5. Be3 b5 6. a3 Bb7 7. Qd2 Nd7 8. h4 h6 9. g3 c5 10. Bh3 Ngf6 11. O-O-O Nxe4 12. Nxe4 Bxe4 13. Bg2 Qc7 14. Kb1 Rc8 15. Ka1 Nb6 16. Qa5 O-O 17. h5 Nc4 18. Qxc7 Rxc7 19. c3 b4 20. axb4 cxb4 21. Rhe1 bxc3 22. bxc3 Na3 23. Re2 Rxc3 0-1


[Site "https://www.chess.com"]

[Event "Titled Tuesday Blitz January 17 Late 2023"]
[White "Vakhlamov, Igor L."]
[Black "Szyszylo, Rafal"]
[WhiteFideId "24126748"]
[BlackFideId "1109626"]
[WhiteElo "2413"]
[BlackElo "2091"]
[Result "1-0"]
[Round "04"]
[TimeControl "180+2"]
[Date "2023.01.17"]
[WhiteClock "0:00:15"]
[BlackClock "0:00:03"]

1. e4 g6 2. d4 d6 3. Nf3 Nf6 4. Nc3 Bg7 5. Be2 O-O 6. O-O Bg4 7. Be3 Bxf3 8. Bxf3 e5 9. Qd2 c6 10. Rad1 Nbd7 11. Be2 Re8 12. dxe5 dxe5 13. a4 Qe7 14. h3 Nc5 15. Bf3 Rad8 16. Qc1 a5 17. b3 Bf8 18. Qa3 Ne6 19. Qxe7 Bxe7 20. Bb6 Rxd1 21. Rxd1 Bd8 22. Be3 Bc7 23. Be2 Rd8 24. Rxd8+ Bxd8 25. Kf1 Nd4 26. Bd3 Kf8 27. Ne2 Nxe2 28. Kxe2 Bc7 29. c3 Ke7 30. g3 Nd7 31. Kd2 Bb6 32. b4 Bxe3+ 33. Kxe3 b6 34. f4 f6 35. Bc4 g5 36. fxg5 fxg5 37. Kf3 Nf6 38. Ke3 h6 39. Be2 Kd6 40. Kd3 c5 41. bxa5 bxa5 42. Bf3 Kc6 43. Ke3 c4 44. Be2 Kc5 45. Kf3 h5 46. Ke3 g4 47. hxg4 hxg4 48. Bd1 Kc6 49. Bc2 Kc5 50. Bd1 Nh5 51. Bxg4 Nxg3 52. Bf3 Nh1 53. Bxh1 Kd6 54. Bf3 Kc5 55. Be2 Kd6 56. Bxc4 Kc5 57. Bb5 1-0


[Site "https://www.chess.com"]

[Event "Titled Tuesday Blitz January 17 Late 2023"]
[White "Mirzoev, Azer"]
[Black "Lacasa Diaz, Jose Antonio"]
[WhiteFideId "13400304"]
[BlackFideId "2203375"]
[WhiteElo "2416"]
[BlackElo "2359"]
[Result "1/2-1/2"]
[Round "04"]
[TimeControl "180+2"]
[Date "2023.01.17"]
[WhiteClock "0:00:33"]
[BlackClock "0:00:12"]

1. c4 e6 2. Nf3 d5 3. b3 c5 4. e3 Nc6 5. Bb2 Nf6 6. cxd5 exd5 7. Bb5 Bd6 8. O-O O-O 9. d4 cxd4 10. Nxd4 Bd7 11. Bxc6 bxc6 12. Nd2 Qe7 13. N4f3 Rac8 14. Qc2 Rfe8 15. Rad1 c5 16. Rfe1 Ne4 17. Nxe4 dxe4 18. Nd2 Bf5 19. Nf1 c4 20. bxc4 Bb4 21. Nd2 Red8 22. Bd4 Qg5 23. Rb1 Bxd2 24. Qxd2 Bh3 25. g3 Qh5 26. Qe2 Bg4 27. Qf1 Bh3 28. Qe2 Bg4 29. Qf1 Bh3 30. Qe2 1/2-1/2


[Site "https://www.chess.com"]

[Event "Titled Tuesday Blitz January 17 Late 2023"]
[White "Kleiman, Jake"]
[Black "Dudzinski, Pawel"]
[WhiteFideId "2020041"]
[BlackFideId "1117890"]
[WhiteElo "2399"]
[BlackElo "2186"]
[Result "1-0"]
[Round "04"]
[TimeControl "180+2"]
[Date "2023.01.17"]
[WhiteClock "0:00:35"]
[BlackClock "0:00:22"]

1. d4 d5 2. c4 c6 3. Nf3 e6 4. Qc2 f5 5. g3 Nf6 6. Bg2 Be7 7. O-O O-O 8. b3 Bd7 9. Ba3 Be8 10. Bxe7 Qxe7 11. Nc3 Nbd7 12. e3 Bh5 13. Ne1 Ne4 14. Nd3 g5 15. f3 Nxc3 16. Qxc3 g4 17. f4 Rfc8 18. c5 b6 19. b4 a5 20. a3 b5 21. bxa5 Qd8 22. a4 Rxa5 23. axb5 Rxb5 24. Ra6 Be8 25. Rfa1 Rcb8 26. R6a3 Qc7 27. Bf1 Rb1 28. Ra7 R8b7 29. Rxb7 Qxb7 30. Rxb1 Qxb1 31. Qa5 Nf6 32. Qd8 Kg7 33. Qe7+ Bf7 34. Ne5 Ne4 35. Qxf7+ Kh6 36. Qf8+ Kh5 37. Qe8+ Kh6 38. Qxe6+ Kg7 39. Qf7+ Kh6 40. Qf8+ Kh5 41. Qxf5+ Kh6 42. Qe6+ Kg7 43. Qxg4+ Kf8 44. Qc8+ Kg7 45. Qd7+ Kh6 46. Qxc6+ Kh5 47. Qxd5 Qc2 48. Qf7+ Kh6 49. Qf8+ Kh5 50. g4+ Kh4 51. Qh6# 1-0


[Site "https://www.chess.com"]

[Event "Titled Tuesday Blitz January 17 Late 2023"]
[White "Gurevich, Dmitry"]
[Black "Flores Quillas, Diego Saul Rodri"]
[WhiteFideId "2000407"]
[BlackFideId "3822508"]
[WhiteElo "2393"]
[BlackElo "2359"]
[Result "0-1"]
[Round "04"]
[TimeControl "180+2"]
[Date "2023.01.17"]
[WhiteClock "0:00:05"]
[BlackClock "0:00:30"]

1. d4 Nf6 2. c4 e6 3. Nc3 Bb4 4. a3 Bxc3+ 5. bxc3 c5 6. e3 O-O 7. Bd3 b6 8. Ne2 Bb7 9. O-O Nc6 10. f3 Ne8 11. e4 f5 12. exf5 exf5 13. Bf4 Qf6 14. d5 Na5 15. Ng3 g6 16. Qe1 Nd6 17. Be5 Qe7 18. Qe2 Rae8 19. f4 Nf7 20. Bxf5 Nxe5 21. fxe5 gxf5 22. Nxf5 Qxe5 23. Qg4+ Kh8 24. Rae1 Qf6 25. Rxe8 Rxe8 26. Ng3 Qg7 27. Qf4 Ba6 28. Nf5 Qf6 29. Qg4 Rg8 30. Qh5 Bxc4 31. Rf4 Bd3 32. g4 Bxf5 33. Rxf5 Qg6 34. Qh4 Qxg4+ 0-1


[Site "https://www.chess.com"]

[Event "Titled Tuesday Blitz January 17 Late 2023"]
[White "Kavutskiy, Konstantin"]
[Black "Remolar Gallen, Jose"]
[WhiteFideId "2026384"]
[BlackFideId "2215187"]
[WhiteElo "2414"]
[BlackElo "2285"]
[Result "1-0"]
[Round "04"]
[TimeControl "180+2"]
[Date "2023.01.17"]
[WhiteClock "0:00:44"]
[BlackClock "0:00:02"]

1. d4 Nf6 2. Bg5 Ne4 3. Bf4 c5 4. f3 Qa5+ 5. c3 Nf6 6. d5 d6 7. e4 g6 8. Na3 Bg7 9. Nc4 Qd8 10. a4 O-O 11. Bd3 Nbd7 12. Ne2 Nb6 13. O-O Nxc4 14. Bxc4 Nd7 15. Ng3 Ne5 16. Be2 h5 17. Qd2 h4 18. Nh1 e6 19. c4 exd5 20. cxd5 Qb6 21. Nf2 h3 22. g3 Bd7 23. a5 Qd8 24. Bg5 Qe8 25. f4 f6 26. fxe5 fxg5 27. e6 Bb5 28. Nxh3 Bxe2 29. Qxe2 Qe7 30. Qg4 Bh6 31. Kg2 Qg7 32. Rab1 Rxf1 33. Rxf1 Qxb2+ 34. Rf2 Qe5 35. Ng1 Rf8 36. Nf3 Qg7 37. e5 dxe5 38. d6 e4 39. Qxe4 Qf6 40. e7 Re8 41. d7 1-0


[Site "https://www.chess.com"]

[Event "Titled Tuesday Blitz January 17 Late 2023"]
[White "Besedes, Danilo"]
[Black "Rosen, Eric"]
[WhiteFideId "946796"]
[BlackFideId "2032562"]
[WhiteElo "2297"]
[BlackElo "2349"]
[Result "0-1"]
[Round "04"]
[TimeControl "180+2"]
[Date "2023.01.17"]
[WhiteClock "0:01:06"]
[BlackClock "0:00:05"]

1. g3 d5 2. Bg2 Nf6 3. Nf3 e6 4. O-O Be7 5. c4 d4 6. b4 c5 7. bxc5 Nc6 8. d3 e5 9. e3 O-O 10. exd4 exd4 11. Nbd2 a5 12. Ng5 Bxc5 13. Nge4 Nxe4 14. Nxe4 Be7 15. Rb1 f5 16. Nd2 Kh8 17. a3 Bf6 18. Re1 Qd6 19. Nf3 a4 20. Rb5 Bd7 21. Rxb7 Na5 22. Rb1 Nb3 23. Nd2 Nxc1 24. Qxc1 Rab8 25. c5 Qc7 26. c6 Rxb1 27. Qxb1 Rb8 28. Qc2 h6 29. Qxa4 Be8 30. Nc4 Rc8 31. Qb5 Bxc6 32. Bxc6 Qxc6 33. Qxf5 Rf8 34. Qe4 Qc5 35. Kg2 Qh5 36. a4 Bd8 37. a5 Bxa5 38. Qxd4 Bxe1 0-1


[Site "https://www.chess.com"]

[Event "Titled Tuesday Blitz January 17 Late 2023"]
[White "Qiao, Cindy"]
[Black "Melikyan, Gnel"]
[WhiteFideId "2620243"]
[BlackFideId "54109990"]
[WhiteElo "1785"]
[BlackElo "2238"]
[Result "0-1"]
[Round "04"]
[TimeControl "180+2"]
[Date "2023.01.17"]
[WhiteClock "0:00:17"]
[BlackClock "0:00:50"]

1. d4 Na6 2. Bf4 Nf6 3. e3 e6 4. Nf3 d5 5. Bd3 c5 6. c3 Qb6 7. Qc2 Bd6 8. Bg3 O-O 9. O-O Bd7 10. Nbd2 Rac8 11. Bh4 c4 12. Be2 Be7 13. Rab1 h6 14. e4 Qd8 15. Bg3 b5 16. Ne5 b4 17. Rfe1 Nc7 18. exd5 exd5 19. Nxd7 Qxd7 20. Nf3 Ne6 21. Ne5 Qb7 22. Qd1 Ne4 23. f3 Nxg3 24. hxg3 Bd6 25. f4 Rfe8 26. Bg4 Rb8 27. Qc2 Nf8 28. Bh5 g6 29. Nxg6 fxg6 30. Bxg6 Rxe1+ 31. Rxe1 bxc3 32. bxc3 Qg7 33. Bh5 Qxg3 34. Rf1 Bxf4 35. Bf3 Be3+ 36. Rf2 Rb1+ 0-1


[Site "https://www.chess.com"]

[Event "Titled Tuesday Blitz January 17 Late 2023"]
[White "Novikova, Galina"]
[Black "Olafsson, Helgi"]
[WhiteFideId "4157095"]
[BlackFideId "2300010"]
[WhiteElo "2073"]
[BlackElo "2491"]
[Result "0-1"]
[Round "04"]
[TimeControl "180+2"]
[Date "2023.01.17"]
[WhiteClock "0:00:55"]
[BlackClock "0:01:02"]

1. e4 c5 2. Nf3 e6 3. b4 cxb4 4. a3 Nc6 5. axb4 Bxb4 6. c3 Bf8 7. d4 d5 8. e5 Nge7 9. Bd3 Bd7 10. O-O Rc8 11. Na3 a6 12. Bd2 Nf5 13. Nc2 Be7 14. Ne3 Nxe3 15. Bxe3 Na5 16. Bd2 Nc4 17. Be1 Nb2 18. Qe2 Nxd3 19. Qxd3 Bb5 20. Qe3 Bxf1 21. Kxf1 O-O 22. Kg1 Rc6 23. g3 b5 24. h4 a5 25. Kg2 a4 26. Bd2 Qc7 27. h5 Rc8 28. h6 g6 29. Nh2 Rxc3 30. Bxc3 Qxc3 31. Qe1 Qxe1 32. Rxe1 b4 33. Nf3 b3 34. Rb1 Rc2 35. Ne1 Rd2 36. Nf3 Ra2 37. Ne1 Kf8 38. Kf3 Ke8 39. Ke3 Bg5+ 40. f4 Bxh6 41. Nd3 Bf8 42. g4 Be7 43. Kf3 h5 44. gxh5 gxh5 45. Ke3 Kd7 46. Rh1 b2 47. Rb1 a3 48. Kd2 Ra1 49. Kc2 h4 50. Nf2 Kc6 51. Nh3 Kb5 52. Nf2 Kc4 0-1


[Site "https://www.chess.com"]

[Event "Titled Tuesday Blitz January 17 Late 2023"]
[White "Forgacs, Attila Jr."]
[Black "Nefedov, Sergey"]
[WhiteFideId "773654"]
[BlackFideId "24113417"]
[WhiteElo "2264"]
[BlackElo "2300"]
[Result "1/2-1/2"]
[Round "04"]
[TimeControl "180+2"]
[Date "2023.01.17"]
[WhiteClock "0:00:09"]
[BlackClock "0:00:02"]

1. e4 d5 2. exd5 Qxd5 3. Nc3 Qd8 4. d4 Nf6 5. Nf3 c6 6. Bc4 Bf5 7. O-O e6 8. Re1 Be7 9. Bf4 O-O 10. h3 Nd5 11. Nxd5 cxd5 12. Bd3 Bg6 13. Ne5 Nc6 14. Nxg6 hxg6 15. c3 Bd6 16. Bd2 Rb8 17. Qe2 a6 18. a4 Na5 19. Bc2 Qd7 20. h4 Nc4 21. Bc1 Rfc8 22. h5 gxh5 23. Qxh5 f5 24. Qg6 Re8 25. g4 Qf7 26. Qxf7+ Kxf7 27. gxf5 exf5 28. Rxe8 Rxe8 29. b3 Re1+ 30. Kg2 Na5 31. b4 Nc4 32. Bxf5 Bf4 33. Bb2 Re2 34. Kf3 Rxb2 35. Kxf4 Rxf2+ 36. Kg5 Ne3 37. Bh3 Rf3 38. Bc8 Rf6 39. Bxb7 Rb6 40. Re1 Rxb7 41. Rxe3 Rc7 42. Rf3+ Ke6 43. Kg6 Kd6 44. Re3 Rb7 45. Kf5 Rf7+ 46. Kg6 Rc7 47. Rf3 Ke6 48. Re3+ Kd6 49. Rh3 Ke6 50. Rg3 Kd6 51. Kf5 Rf7+ 52. Kg5 Rc7 53. Re3 Rf7 54. Kg6 Rc7 1/2-1/2


[Site "https://www.chess.com"]

[Event "Titled Tuesday Blitz January 17 Late 2023"]
[White "Omelja, Artem"]
[Black "Davidson, Kevin"]
[WhiteFideId "14119846"]
[BlackFideId "2056810"]
[WhiteElo "2446"]
[BlackElo "2154"]
[Result "1-0"]
[Round "04"]
[TimeControl "180+2"]
[Date "2023.01.17"]
[WhiteClock "0:01:50"]
[BlackClock "0:00:02"]

1. h4 Nf6 2. h5 e5 3. h6 gxh6 4. d4 exd4 5. Qxd4 Nc6 6. Qh4 d5 7. c3 h5 8. Bg5 Be7 9. Nd2 d4 10. cxd4 Qxd4 11. Qxd4 Nxd4 12. Rc1 c6 13. e3 Ne6 14. Bh4 Bd7 15. Ngf3 O-O-O 16. Bc4 Rhg8 17. g3 Kb8 18. Ke2 Be8 19. a3 Nc5 20. b4 Ne6 21. Rc2 Bd7 22. Bxf6 Bxf6 23. Rxh5 Rg7 24. Rc1 Rh8 25. Rb1 a6 26. Ne4 Be7 27. a4 b5 28. axb5 cxb5 29. Bd3 Rc8 30. Ne5 Be8 31. Rh6 f6 32. Nf3 Ng5 33. Nfxg5 fxg5 34. Rxa6 Bc6 35. Nc5 Bxc5 36. bxc5 Bb7 37. Rb6 Kc7 38. R1xb5 Rb8 39. c6 Ba6 40. Rxb8 Bxb5 41. Rb7+ Kxc6 42. Rxg7 Bxd3+ 43. Kxd3 1-0


[Site "https://www.chess.com"]

[Event "Titled Tuesday Blitz January 17 Late 2023"]
[White "Adewumi, Tanitoluwa"]
[Black "Gatterer, Florian"]
[WhiteFideId "30966396"]
[BlackFideId "811688"]
[WhiteElo "2283"]
[BlackElo "2170"]
[Result "1/2-1/2"]
[Round "04"]
[TimeControl "180+2"]
[Date "2023.01.17"]
[WhiteClock "0:00:03"]
[BlackClock "0:00:06"]

1. e4 e5 2. Nf3 Nc6 3. Nc3 Nf6 4. Bb5 Bb4 5. O-O O-O 6. Bxc6 dxc6 7. Nxe5 Bxc3 8. dxc3 Nxe4 9. Nd3 Be6 10. Bf4 Nd6 11. Nc5 Bc4 12. Re1 b6 13. Ne4 Nxe4 14. Rxe4 Bd5 15. Rd4 Qe7 16. Qd2 Rfe8 17. f3 h6 18. Kf2 Be6 19. Re1 Rac8 20. a3 Qc5 21. Be3 Qf5 22. Rf4 Qd5 23. Qxd5 cxd5 24. Rd4 c5 25. Rd2 f6 26. Red1 Kf7 27. Bf4 Red8 28. h3 Rd7 29. Ke3 Rcd8 30. Bg3 Rc8 31. Kf2 Rcd8 32. b3 Rc8 33. a4 Re8 34. Kg1 Rc8 35. Kf1 g5 36. Ra1 a5 37. Bf2 Bf5 38. Re1 Re8 39. Red1 Be6 40. c4 d4 41. Re2 Bf5 42. Rxe8 Kxe8 43. Rd2 Re7 44. Be1 Kd7 45. Bf2 Kc6 46. Be1 Re6 47. g4 Bg6 48. Bf2 Re7 49. Kg2 Re6 50. h4 Re7 51. hxg5 hxg5 52. Kg3 Re6 53. f4 Re4 54. fxg5 fxg5 55. Kf3 Rf4+ 56. Kg3 Re4 57. Kf3 Rf4+ 58. Kg3 Re4 1/2-1/2


[Site "https://www.chess.com"]

[Event "Titled Tuesday Blitz January 17 Late 2023"]
[White "Estrada Nieto, Julian"]
[Black "Yurovskykh, Oleksandr"]
[WhiteFideId "5101018"]
[BlackFideId "14134020"]
[WhiteElo "2215"]
[BlackElo "2328"]
[Result "0-1"]
[Round "04"]
[TimeControl "180+2"]
[Date "2023.01.17"]
[WhiteClock "0:00:07"]
[BlackClock "0:00:09"]

1. e4 g6 2. d4 Bg7 3. Nf3 d6 4. Nc3 a6 5. a4 b6 6. Bc4 e6 7. Bf4 Bb7 8. Qd2 Nd7 9. O-O h6 10. h4 Ne7 11. Rfe1 Qb8 12. Rad1 Qa7 13. Be3 Rc8 14. b4 Qa8 15. a5 b5 16. Bd3 Nf6 17. Bf4 Ng4 18. Qe2 O-O 19. h5 Nf6 20. hxg6 fxg6 21. Qd2 Ng4 22. Nh2 Nxf2 23. Qxf2 e5 24. Qh4 exf4 25. Qxe7 Bxd4+ 26. Kh1 Bxc3 27. Ng4 Bg7 28. Qe6+ Rf7 29. Qxg6 Kf8 30. Qh5 Re8 31. Nxh6 Bxh6 32. Qxh6+ Ke7 33. Qg5+ Kd7 34. Qg4+ Re6 35. Rf1 Rh7+ 36. Kg1 Qh8 37. Qxf4 Rh1+ 38. Kf2 Rf6 39. Rxh1 Rxf4+ 40. Ke3 Rh4 41. Rxh4 Qxh4 42. Rf1 Qg3+ 43. Rf3 Qxg2 44. Rf2 Qg5+ 45. Ke2 Ke7 46. c3 Bc8 47. Rf3 Bg4 0-1


[Site "https://www.chess.com"]

[Event "Titled Tuesday Blitz January 17 Late 2023"]
[White "Odegov, Artem"]
[Black "Figorito, Nick"]
[WhiteFideId "34183644"]
[BlackFideId "30923689"]
[WhiteElo "2261"]
[BlackElo "2036"]
[Result "0-1"]
[Round "04"]
[TimeControl "180+2"]
[Date "2023.01.17"]
[WhiteClock "0:01:12"]
[BlackClock "0:01:15"]

1. e4 e6 2. d4 d5 3. Nc3 Bb4 4. e5 c5 5. Bd2 Ne7 6. Nb5 Bxd2+ 7. Qxd2 O-O 8. dxc5 Nbc6 9. f4 f6 10. Nf3 fxe5 11. fxe5 Ng6 12. Qc3 Rxf3 13. Qxf3 Ngxe5 14. Qg3 a6 15. Nd6 Qa5+ 16. Qc3 Nb4 17. O-O-O Nxa2+ 18. Kd2 Nxc3 19. bxc3 Qxc5 0-1


[Site "https://www.chess.com"]

[Event "Titled Tuesday Blitz January 17 Late 2023"]
[White "Prydun, Andriy"]
[Black "Defend, Balint"]
[WhiteFideId "14145898"]
[BlackFideId "17004853"]
[WhiteElo "2134"]
[BlackElo "1673"]
[Result "0-1"]
[Round "04"]
[TimeControl "180+2"]
[Date "2023.01.17"]
[WhiteClock "0:00:02"]
[BlackClock "0:00:10"]

1. e4 c5 2. Nf3 d6 3. c3 Nf6 4. h3 e5 5. Bd3 g6 6. Bc2 Bg7 7. O-O O-O 8. d3 Nc6 9. Nbd2 a6 10. a3 b5 11. b4 Nd7 12. Bb3 Bb7 13. Qc2 a5 14. bxc5 Nxc5 15. Ba2 b4 16. Nc4 Ba6 17. Be3 Rb8 18. axb4 axb4 19. Bb3 Bb5 20. d4 Nxb3 21. Qxb3 exd4 22. cxd4 d5 23. exd5 Qxd5 24. Rfc1 Nxd4 25. Nxd4 Bxd4 26. Bxd4 Qxd4 27. Qb2 Rfd8 28. Qxd4 Rxd4 29. Na5 Ra8 30. Nb3 Rxa1 31. Rxa1 Rd3 32. Nc5 Rd5 33. Nb3 Bd3 34. Rd1 Bc4 35. Rb1 Kg7 36. f3 f5 37. Kf2 f4 38. Na1 Rb5 39. Ke1 Kf6 40. Rb2 Ke5 41. Kf2 Kd4 42. Rc2 b3 43. Rb2 Kc3 44. Rb1 b2 0-1


[Site "https://www.chess.com"]

[Event "Titled Tuesday Blitz January 17 Late 2023"]
[White "Petukhov, Dmitry"]
[Black "Stachanczyk, Jacek"]
[WhiteFideId "4142748"]
[BlackFideId "1116657"]
[WhiteElo "2350"]
[BlackElo "2147"]
[Result "0-1"]
[Round "04"]
[TimeControl "180+2"]
[Date "2023.01.17"]
[WhiteClock "0:00:16"]
[BlackClock "0:01:00"]

1. e4 c5 2. c3 d5 3. exd5 Nf6 4. d4 cxd4 5. cxd4 Nxd5 6. Nc3 Nxc3 7. bxc3 Qc7 8. Bd2 e6 9. Bd3 Bd7 10. Nf3 Bc6 11. O-O Nd7 12. Re1 Bd6 13. h3 O-O 14. Qe2 Bf4 15. c4 Bxd2 16. Nxd2 Rfd8 17. d5 exd5 18. cxd5 Bxd5 19. Bxh7+ Kxh7 20. Qh5+ Kg8 21. Qxd5 Nf6 22. Qg5 Rd5 23. Qe3 Re8 24. Qxe8+ Nxe8 25. Rxe8+ Kh7 26. Nf3 b5 27. Rae1 f6 28. Nh2 Rd2 29. Ng4 Qc5 30. R8e7 Kg6 31. R7e6 Kf7 32. R6e3 Rxa2 33. Rf3 Rc2 34. Ne5+ Kg8 35. Nd7 Qc7 36. Re8+ Kf7 37. Rf8+ Ke7 38. Re3+ Kxd7 39. Rf7+ Kc8 40. Re8+ Kb7 41. Rxc7+ Rxc7 42. h4 a5 43. Kf1 b4 44. Ke2 Kb6 45. g4 b3 46. g5 fxg5 47. hxg5 b2 48. Rb8+ Rb7 0-1


[Site "https://www.chess.com"]